Map: Paisaje nocturno EE

Players

Howl

  • Race: Terran Terran
  • Spawn Location: 1:00

midril

  • Race: Protoss Protoss
  • Spawn Location: 1:00

MrFercho

  • Race: Zerg Zerg
  • League: Gold
  • Spawn Location: 7:00

tigro

  • Race: Terran Terran
  • League: Bronze
  • Spawn Location: 7:00

VOD

Have the link to the VOD?

Description

Time

  • Played on: July 19, 2020, 11:33 p.m.
  • Length: 19:42
Show
View Real Time Build Order
Export as new Build Order

Howl Terran 

Build Orders:  

Get SALT Encoding   

  12  0:01  SCV  
  13  0:13  SCV  
  14  0:19  Supply Depot  
  14  0:25  SCV  
  15  0:32  Refinery  
  15  0:43  Barracks  
  15  1:02  SCV  
  16  1:14  SCV  
  17  1:22  Supply Depot  
  17  1:36  Barracks  
  17  1:39  Marine  
  17  1:42  Orbital Command  
  18  1:47  Refinery  
  18  1:57  Marine, Factory  
  19  2:08  SCV  
  20  2:20  SCV  
  21  2:26  Barracks Reactor  
  21  2:28  Barracks Tech Lab  
  21  2:29  Engineering Bay  
  21  2:45  SCV  
  22  3:00  Command Center  
  22  3:22  Starport  
  22  3:24  Factory Tech Lab  
  22  3:26  Marine  
  22  3:27  Marine x2  
  25  3:36  Combat Shield  
  25  3:40  SCV  
  26  3:51  Marine x2  
  26  3:52  Marine, SCV  
  30  4:04  SCV  
  30  4:07  Supply Depot, Starport Reactor  
  31  4:12  Marine x3  
  34  4:21  Orbital Command  
  34  4:26  SCV  
  34  4:31  Marine x3  
  38  4:39  Terran Infantry Weapons Level 1  
  38  4:53  Medivac  
  38  4:54  Medivac  
  38  4:55  Stimpack  
  42  5:00  Engineering Bay  
  42  5:08  Siege Tank  
  42  5:12  Marine x3  
  48  5:17  SCV  
  49  5:29  Marine  
  49  5:30  Marine  
  51  5:37  Marine  
  51  5:38  Supply Depot  
  51  5:40  Medivac  
  54  5:59  Medivac, Marine x2  
  54  6:03  Marine  
  59  6:06  Terran Infantry Armor Level 1  
  59  6:07  SCV  
  60  6:12  Supply Depot  
  60  6:17  Marine x2  
  62  6:34  Marine, SCV  
  62  6:35  Supply Depot, Marine x2  
  66  6:46  SCV  
  67  6:47  Medivac  
  67  6:51  Marine  
  70  6:56  Marine x2  
  70  6:57  Medivac  
  70  6:58  Supply Depot, SCV  
  75  7:09  Marine  
  75  7:10  SCV  
  75  7:14  Marine  
  78  7:19  Marine  
  78  7:22  SCV  
  80  7:24  Armory  
  80  7:29  SCV  
  81  7:34  SCV  
  82  7:47  SCV  
  83  7:59  SCV  
  63  8:23  Marine  
  63  8:24  Marine x2  
  51  8:41  Marine x2  
  51  8:42  Marine  
  54  8:59  Marine x3  
  57  9:17  Marine x3  
  57  9:18  Supply Depot  
  60  9:25  Siege Tank  
  60  9:26  Medivac  
  60  9:28  Terran Infantry Weapons Level 2  
  60  9:29  Terran Infantry Armor Level 2  
  65  9:35  Marine x3  
  65  9:37  Barracks  
  68  9:39  Medivac  
  68  9:43  Supply Depot  
  70  9:53  Marine x3  
  70  9:56  Medivac  
  70  9:57  Siege Tank  
  78  10:10  Marine  
  78  10:11  Marine x2  
  78  10:13  Refinery  
  81  10:15  Refinery  
  81  10:28  Marine  
  81  10:32  Marine x2  
  84  10:42  Medivac x2  
  88  10:46  Marine  
  89  10:50  Marine x2  
  89  10:54  Terran Vehicle Weapons Level 1  
  91  11:01  Barracks, Barracks Reactor  
  91  11:03  Supply Depot  
  91  11:04  Marine  
  91  11:06  Command Center  
  91  11:08  Marine x2  
  94  11:12  Medivac  
  94  11:13  Medivac  
  98  11:22  Marine  
  99  11:25  Supply Depot  
  99  11:26  Marine x2  
  101  11:35  SCV  
  101  11:39  Marine  
  102  11:43  Marine  
  102  11:44  Marine  
  106  11:47  SCV  
  106  11:50  Barracks Reactor  
  106  11:54  Marine x2  
  106  11:57  Marine  
  109  12:01  Marine x2  
  111  12:12  Marine x2, Starport  
  111  12:15  Medivac x2, Marine  
  115  12:18  Siege Tank  
  115  12:19  Marine x2  
  123  12:30  Supply Depot, Marine x2  
  123  12:33  Supply Depot, Marine  
  126  12:37  Marine x2  
  126  12:38  SCV  
  129  12:48  Marine x2  
  129  12:50  SCV  
  129  12:51  Marine  
  133  12:55  Marine x2  
  135  13:02  SCV  
  136  13:17  Marine x2  
  136  13:18  Marine x5  
  143  13:35  Marine x3  
  143  13:36  Marine x3  
  149  13:44  Marine  
  119  13:53  Marine  
  102  14:10  Marine  
  102  14:11  Marine x6  
  109  14:28  Marine x2  
  109  14:29  Marine x5, SCV  
  117  14:41  Barracks, SCV  
  117  14:46  Marine x3  
  117  14:47  Marine  
  118  14:53  SCV  
  119  15:05  SCV  
  120  15:10  Marine x5  
  120  15:11  Marine x2  
  127  15:18  Terran Infantry Weapons Level 3  
  127  15:19  Terran Infantry Armor Level 3  
  127  15:28  Marine x6  
  129  15:29  Marine  
  121  15:45  Marine  
  121  15:46  Marine x6  
  108  16:03  Marine x2  
  108  16:04  Marine x4  
  62  16:35  Marine x2  
  62  16:36  Marine x5  
  69  16:45  Refinery  
  69  16:47  Refinery  
  69  16:53  Marine x3  
  69  16:54  Marine x4  
  73  16:57  Starport Reactor  
  73  17:01  Barracks  
  76  17:05  Barracks Reactor  
  76  17:11  Marine x5  
  76  17:12  Marine x2  
  83  17:17  Medivac x2  
  87  17:28  Siege Tank  
  87  17:29  Marine x7  
  94  17:47  Medivac x2, Marine x7  
  102  18:04  Marine x2  
  102  18:05  Marine x5  
  99  18:22  Marine x2  
  96  18:29  Marine x3  
  96  18:30  Marine x2  
  95  18:40  Marine x2  
  92  18:47  Marine x4  
  92  18:48  Marine  
  94  19:03  Marine x2  
  94  19:05  Marine x5  
  92  19:21  Marine x2  
  92  19:23  Marine  
Show
View Real Time Build Order
Export as new Build Order

midril Protoss 

Build Orders: Oracle Opening 

Get SALT Encoding   

  12  0:00  Probe  
  13  0:08  Probe  
  14  0:20  Pylon  
  14  0:21  Probe  
  15  0:33  Assimilator  
  15  0:38  Probe  
  16  0:51  Gateway  
  16  0:54  Probe  
  17  1:02  Probe  
  17  1:03  Pylon  
  17  1:10  Assimilator, Probe  
  19  1:21  Probe  
  20  1:33  Probe  
  21  1:42  Cybernetics Core  
  21  1:45  Probe  
  22  1:57  Probe  
  23  2:09  Pylon, Probe  
  23  2:23  Nexus  
  23  2:26  Stargate  
  23  2:31  Warp Gate  
  23  2:36  Stalker  
  23  2:42  Pylon  
  23  2:51  Probe  
  26  3:00  Oracle  
  29  3:25  Robotics Facility  
  29  3:27  Oracle  
  29  3:28  Pylon  
  29  3:34  Stalker  
  31  3:37  Probe  
  31  3:38  Probe  
  36  3:49  Probe  
  36  3:50  Probe  
  38  4:03  Probe  
  39  4:13  Gateway x2  
  39  4:15  Probe  
  40  4:20  Gateway  
  40  4:23  Probe x2  
  41  4:31  Probe  
  42  4:35  Probe  
  44  4:41  Probe  
  45  4:48  Probe  
  46  5:22  Stalker x4  
  46  5:24  Observer  
  46  5:27  Assimilator  
  55  5:29  Probe  
  55  5:33  Gateway x2  
  56  5:37  Gateway  
  56  5:41  Probe  
  57  5:45  Robotics Bay  
  57  5:48  Probe  
  57  5:49  Assimilator  
  58  5:53  Pylon, Probe  
  59  5:58  Pylon  
  59  6:00  Probe  
  59  6:01  Pylon  
  60  6:05  Probe  
  60  6:09  Stalker  
  60  6:10  Stalker x3  
  69  6:14  Probe  
  70  6:22  Probe  
  70  6:24  Twilight Council  
  70  6:27  Forge  
  70  6:29  Forge  
  70  6:31  Probe  
  72  6:43  Probe  
  73  6:53  Stalker  
  69  6:55  Stalker, Probe  
  69  6:56  Stalker x4  
  69  6:57  Stalker  
  82  7:05  Colossus  
  88  7:18  Blink  
  88  7:19  Protoss Ground Weapons Level 1, Nexus  
  88  7:20  Protoss Ground Armor Level 1  
  88  7:24  Pylon  
  88  7:46  Extended Thermal Lance  
  88  7:52  Pylon  
  74  8:15  Stalker  
  74  8:16  Stalker x4  
  74  8:19  Zealot x2  
  76  8:40  Stalker x3  
  76  8:41  Stalker x2  
  80  8:43  Zealot x2  
  71  9:10  Charge  
  69  9:20  Stalker  
  69  9:21  Stalker x4  
  69  9:22  Stalker  
  81  9:27  Probe  
  82  9:37  Probe  
  82  9:40  Probe  
  82  9:41  Probe, Protoss Ground Weapons Level 2  
  82  9:45  Probe  
  84  9:52  Colossus, Probe  
  92  9:53  Probe x2  
  92  9:56  Stalker x2  
  98  10:04  Probe  
  98  10:05  Probe  
  98  10:06  Probe  
  101  10:16  Probe  
  101  10:17  Probe  
  101  10:18  Probe  
  101  10:19  Pylon  
  101  10:21  Pylon, Protoss Ground Armor Level 2  
  104  10:25  Gateway  
  104  10:28  Gateway, Probe  
  104  10:29  Assimilator, Probe  
  104  10:30  Probe  
  104  10:33  Assimilator  
  107  10:36  Pylon  
  107  10:41  Probe  
  107  10:42  Probe  
  109  10:53  Probe  
  109  10:54  Colossus  
  109  10:55  Zealot x5  
  109  10:56  Zealot x2  
  124  11:06  Probe  
  131  11:18  Stalker  
  131  11:19  Stalker x4  
  141  11:36  Pylon  
  141  11:39  Pylon  
  141  11:42  Pylon, Nexus  
  141  11:45  Pylon  
  141  11:49  Observer  
  141  11:57  Pylon  
  141  12:00  Pylon  
  142  12:04  Zealot  
  142  12:05  Zealot x6  
  142  12:06  Zealot x2  
  142  12:07  Protoss Shields Level 1  
  160  12:10  Pylon  
  160  12:25  Templar Archives  
  160  12:31  Pylon, Zealot x2  
  160  12:32  Zealot x5  
  160  12:33  Zealot  
  176  12:39  Observer  
  177  12:52  Protoss Ground Weapons Level 3  
  173  13:00  Observer  
  173  13:02  Stalker x2  
  173  13:03  Stalker x6  
  173  13:04  Stalker  
  192  13:30  Zealot  
  192  13:31  Zealot x3  
  192  13:33  High Templar  
  192  13:34  High Templar x3  
  196  13:36  High Templar  
  80  14:07  Stalker x3  
  80  14:08  Stalker x5  
  80  14:09  Stalker  
  98  14:14  Probe  
  99  14:26  Probe  
  99  14:27  Probe  
  101  14:38  Probe  
  101  14:42  Protoss Ground Armor Level 3  
  101  14:44  Nexus, Zealot x5  
  101  14:45  Zealot x2  
  115  14:46  Colossus  
  115  14:50  Probe  
  122  15:02  Probe  
  123  15:10  Assimilator  
  123  15:15  Assimilator  
  123  15:18  Gateway  
  123  15:19  Gateway  
  123  15:20  Pylon  
  123  15:22  Gateway  
  123  15:23  Stalker x3  
  123  15:24  Stalker  
  113  15:43  Stalker x4  
  113  15:44  Stalker  
  117  16:02  Protoss Shields Level 2  
  113  16:06  Psionic Storm  
  101  16:14  Stalker  
  101  16:15  Stalker x7  
  101  16:16  Stalker x2  
  109  16:38  Stalker x2  
  109  16:39  Stalker x3  
  119  16:41  Zealot x5  
  129  17:07  Zealot x4  
  129  17:08  Zealot x4  
  139  17:09  Zealot  
  147  17:33  Stalker x3  
  147  17:34  Stalker x6  
  131  18:00  Zealot x7  
  131  18:01  Zealot x3  
  140  18:35  Stalker  
  140  18:36  Stalker x6  
  140  18:37  Stalker x4  
  140  18:38  Stalker  
  146  19:07  Zealot x4  
  146  19:08  Zealot x8  
  162  19:36  Stalker  
  162  19:37  Stalker x6  
  162  19:38  Stalker x4  
Show
View Real Time Build Order
Export as new Build Order

MrFercho Zerg 

Build Orders: Hatch First, Lurkers 

Get SALT Encoding   

  12  0:01  Drone  
  13  0:14  Overlord  
  13  0:17  Drone  
  14  0:32  Drone x2  
  16  0:55  Drone  
  16  0:56  Hatchery  
  16  0:57  Drone  
  17  1:00  Drone  
  18  1:11  Extractor  
  18  1:17  Spawning Pool  
  18  1:18  Drone  
  17  1:21  Drone  
  18  1:30  Drone  
  19  1:59  Overlord  
  19  2:02  Drone  
  19  2:03  Drone  
  21  2:21  Queen  
  21  2:22  Queen  
  25  2:23  Drone  
  25  2:27  Drone  
  27  2:30  Drone  
  27  2:32  Drone  
  29  2:39  Metabolic Boost  
  29  2:43  Drone  
  30  2:52  Drone x4  
  34  3:08  Drone x2  
  34  3:10  Overlord  
  36  3:14  Lair  
  36  3:46  Drone  
  36  3:47  Drone  
  38  3:49  Zergling x2  
  38  3:50  Zergling x10  
  38  3:54  Overlord  
  38  3:55  Overlord  
  44  3:56  Overlord  
  44  4:09  Extractor  
  43  4:11  Extractor  
  43  4:15  Hatchery  
  41  4:26  Baneling Nest  
  41  4:28  Extractor, Drone x2  
  41  4:29  Drone  
  41  4:30  Drone x2  
  44  4:44  Drone x3  
  47  4:46  Drone x2  
  47  4:47  Drone  
  47  4:51  Spore Crawler  
  45  4:58  Drone  
  45  4:59  Drone x3  
  37  5:00  Queen  
  37  5:06  Hydralisk Den  
  38  5:11  Overseer  
  38  5:27  Spore Crawler  
  37  5:34  Drone x7  
  44  5:38  Grooved Spines  
  44  5:44  Drone  
  44  5:49  Drone x4  
  49  6:03  Nydus Network  
  48  6:13  Overlord x4  
  48  6:21  Drone x4  
  48  6:23  Evolution Chamber  
  51  6:31  Pneumatized Carapace  
  48  6:49  Muscular Augments  
  48  6:53  Drone x3  
  51  6:54  Drone x3  
  54  7:01  Drone x2  
  54  7:02  Drone x7  
  54  7:03  Queen  
  65  7:22  Zerg Missile Weapons Level 1  
  65  7:33  Hatchery  
  65  7:37  Hydralisk x7  
  78  7:45  Baneling x12  
  78  7:48  Centrifical Hooks  
  78  7:59  Zergling x16  
  86  8:12  Zergling x2  
  81  8:13  Zergling x12  
  78  8:34  Zergling x2  
  78  8:35  Zergling x12  
  71  8:52  Zergling x8  
  69  9:20  Drone x12  
  81  9:40  Zerg Missile Weapons Level 2  
  81  9:41  Infestation Pit  
  80  9:59  Extractor  
  79  10:00  Extractor  
  79  10:01  Overlord x2  
  79  10:02  Overlord x8  
  79  10:03  Overlord x7  
  78  10:12  Hatchery  
  77  10:19  Lurker Den, Hive  
  77  10:20  Spire  
  75  10:39  Drone x4  
  75  10:40  Drone x3  
  82  10:47  Drone x8  
  82  10:48  Drone x2  
  92  10:55  Overseer  
  92  11:04  Hydralisk x11  
  114  11:39  Greater Spire  
  114  11:40  Adaptive Talons  
  114  11:42  Adrenal Glands  
  114  11:43  Extractor  
  113  11:47  Extractor  
  113  11:51  Evolution Chamber x2  
  110  11:55  Hydralisk  
  110  11:56  Hydralisk x21  
  110  11:57  Hydralisk x2  
  110  12:00  Zerg Missile Weapons Level 3  
  158  12:21  Overseer  
  158  12:23  Lurker x5  
  158  12:24  Lurker  
  164  12:37  Seismic Spines  
  165  12:44  Zergling x24  
  165  12:45  Zergling x26  
  189  13:10  Baneling x2  
  189  13:11  Baneling x23  
  189  13:13  Zergling x22  
  136  13:47  Hydralisk x10  
  136  13:48  Hydralisk x2  
  102  14:21  Zerg Melee Weapons Level 1, Zerg Ground Armor Level 1  
  102  14:22  Zergling x16  
  102  14:23  Zergling x8  
  112  14:47  Hydralisk x10  
  124  15:03  Lurker  
  125  15:34  Hatchery  
  124  15:37  Corruptor x5  
  124  15:40  Zergling x22  
  104  16:20  Zergling x18  
  104  16:21  Zergling x10  
  110  16:34  Brood Lord  
  110  16:35  Brood Lord x3  
  118  16:41  Drone x2  
  120  17:05  Drone x6  
  126  17:29  Zergling x2  
  128  17:30  Zergling x12  
  109  17:50  Drone x10  
  61  18:28  Spine Crawler  
  61  18:29  Spine Crawler  
  58  18:40  Zergling x22  
  58  18:41  Zergling x18  
  25  19:14  Hydralisk  
  25  19:15  Hydralisk x3  
Show
View Real Time Build Order
Export as new Build Order

tigro Terran 

Build Orders:  

Get SALT Encoding   

  12  0:03  SCV  
  13  0:15  SCV  
  14  0:21  Supply Depot  
  14  0:31  SCV  
  15  0:39  Refinery  
  15  0:43  SCV  
  16  0:50  Barracks  
  16  0:55  SCV  
  17  1:07  SCV  
  18  1:11  Refinery  
  18  1:19  SCV  
  18  1:21  Supply Depot  
  19  1:31  SCV  
  20  1:43  SCV  
  21  1:52  Marine  
  22  2:10  Marine  
  22  2:11  Factory  
  23  2:16  SCV  
  24  2:27  Marine  
  24  2:28  SCV  
  26  2:41  Orbital Command  
  26  2:45  Marine  
  27  3:03  Marine  
  27  3:05  Command Center, Factory Tech Lab  
  28  3:31  Engineering Bay  
  28  3:43  Siege Tank  
  28  3:47  Barracks Tech Lab  
  31  4:07  Combat Shield  
  31  4:12  Terran Infantry Weapons Level 1  
  31  4:15  Siege Tank  
  34  4:18  Refinery  
  34  4:32  Marine  
  35  4:44  Starport  
  35  4:50  Marine  
  36  5:07  Marine  
  37  5:25  Marine  
  37  5:26  Stimpack  
  38  5:30  Medivac  
  40  5:38  Missile Turret  
  40  5:43  Marine  
  40  5:47  SCV  
  42  5:59  SCV  
  42  6:01  Marine  
  44  6:06  Terran Infantry Armor Level 1  
  44  6:09  Missile Turret  
  44  6:11  SCV  
  45  6:19  Marine, Fusion Core  
  45  6:23  SCV  
  47  6:30  Refinery  
  47  6:35  SCV  
  47  6:37  Marine  
  49  6:41  Missile Turret  
  49  6:47  SCV  
  50  6:54  Marine  
  50  6:59  SCV  
  50  7:00  Starport Tech Lab  
  52  7:07  Missile Turret  
  52  7:08  Armory  
  52  7:12  SCV  
  53  7:27  Barracks  
  53  7:34  Missile Turret  
  53  7:48  Marine  
  54  7:52  Command Center  
  54  8:00  Hi-Sec Auto Tracking  
  38  8:05  Marine  
  31  8:23  Marine  
  31  8:41  Marine  
  31  8:47  Command Center  
  28  8:57  Neosteel Armor  
  28  8:59  Marine  
  28  9:17  Marine  
  28  9:19  Barracks Reactor  
  29  9:34  Marine  
  30  9:52  Marine  
  30  9:53  Battlecruiser  
  30  9:57  SCV  
  38  10:05  Siege Tank  
  41  10:09  SCV  
  41  10:10  Marine x3  
  46  10:21  SCV  
  46  10:28  Marine x3  
  48  10:33  SCV  
  50  10:37  Terran Infantry Weapons Level 2, Siege Tank  
  53  10:45  Marine, SCV, Missile Turret  
  53  10:46  Marine x2  
  57  10:58  SCV  
  57  11:03  Marine  
  59  11:07  Missile Turret  
  59  11:09  Siege Tank  
  59  11:10  SCV  
  63  11:22  SCV  
  64  11:26  Medivac  
  64  11:30  SCV  
  67  11:34  SCV  
  67  11:35  Refinery  
  67  11:39  Refinery  
  68  11:41  Missile Turret  
  68  11:42  SCV  
  68  11:46  SCV  
  71  11:54  SCV  
  71  11:55  Medivac  
  71  11:58  SCV  
  74  12:03  Missile Turret  
  74  12:06  SCV  
  75  12:10  SCV  
  76  12:18  SCV  
  77  12:35  Supply Depot  
  77  12:52  Terran Infantry Armor Level 2  
  77  12:53  SCV x2  
  77  12:54  Battlecruiser  
  65  12:59  Supply Depot  
  65  13:05  SCV  
  56  13:13  SCV  
  56  13:17  Marine, SCV  
  56  13:18  Marine x2  
  61  13:21  Supply Depot  
  61  13:25  SCV  
  62  13:35  Marine x3  
  62  13:40  Planetary Fortress  
  65  13:49  Thor  
  65  13:53  Marine x3  
  74  13:58  Medivac  
  75  14:11  Marine x3  
  78  14:21  Terran Vehicle Weapons Level 1  
  78  14:28  Medivac  
  78  14:29  Marine x3  
  83  14:32  Thor  
  89  14:46  Marine  
  89  14:47  Marine x2  
  92  14:53  Weapon Refit  
  92  14:59  Battlecruiser  
  98  15:04  Marine x3  
  101  15:08  Terran Infantry Weapons Level 3  
  101  15:25  Marine  
  101  15:26  Marine x2  
  75  15:43  Marine  
  64  16:06  Marine x3  
  66  16:16  Terran Vehicle And Ship Armor Level 1  
  63  16:23  Battlecruiser  
  63  16:24  Marine x3  
  78  16:33  Rapid Reignition System  
  78  16:41  Marine  
  78  16:42  Marine x2  
  78  16:44  Siege Tank  
  78  16:59  Marine x3  
  81  17:12  Command Center  
  81  17:16  Siege Tank  
  81  17:17  Marine x3  
  87  17:27  Battlecruiser  
  93  17:35  Marine x3  
  80  17:48  Thor  
  77  17:53  Marine  
  77  17:55  Marine  
  77  17:56  Marine  
  65  18:11  Marine  
  66  18:13  Marine x2  
  67  18:29  Marine  
  67  18:31  Thor, Marine x2, Battlecruiser  
  62  18:46  Marine  
  61  18:49  Marine x2  
  54  19:04  Marine  
  54  19:07  Marine x2  
  49  19:22  Marine  
Tags
 
Add a new tag
Caveats
  • Supply blocks, unpowered buildings, or Contaminate may cause inaccurate times.
  • Supply counts are checked every 10 seconds.